 Dungeon Crawl Stone Soup version 0.24.0 (webtiles) character file.

Game seed: 8696416645006949984, levelgen mode: deterministic

1284 Buxparty the Chopper (level 8, -3/51 HPs)
             Began as a Gargoyle Fighter on Mar 4, 2020.
             Was an Initiate of Gozag.
             Slain by an orc warrior
             ... wielding a +0 glaive
              (11 damage)
             ... on level 6 of the Dungeon.
             The game lasted 00:09:43 (4141 turns).

Buxparty the Chopper (Gargoyle Fighter)             Turns: 4141, Time: 00:09:43

Health: -3/51      AC: 16    Str: 22    XL:     8   Next: 55%
Magic:  8/8        EV:  9    Int:  9    God:    Gozag
Gold:   663        SH:  9    Dex:  9    Spells: 7/7 levels left

rFire    . . .     SeeInvis .   a - +0 war axe
rCold    . . .     Gourm    .   c - +0 shield
rNeg     + . .     Faith    .   t - +1 scale mail {MR+}
rPois    ∞         Spirit   .   (no helmet)
rElec    +         Reflect  .   m - +0 cloak
rCorr    .         Harm     .   j - +0 pair of gloves
MR       +....                  (no boots)
Stlth    +.........             y - amulet of the acrobat
HPRegen  0.17/turn              A - ring of wizardry
MPRegen  0.11/turn              o - ring of stealth

@: no status effects
A: negative energy resistance 1, electricity resistance, unbreathing,
petrification resistance, rot immunity, AC +5
a: Potion Petition, Call Merchant, Bribe Branch, Renounce Religion


You were on level 6 of the Dungeon.
You worshipped Gozag.
Gozag was pleased with you.
You were not hungry.

You visited 1 branch of the dungeon, and saw 6 of its levels.

You collected 683 gold pieces.
You paid 20 gold pieces to Gozag.

Inventory:

Hand Weapons
 a - a +0 war axe (weapon)
Armour
 b - a +0 scale mail
 c - a +0 shield (worn)
 j - a +0 pair of gloves (worn)
 m - a +0 cloak (worn)
 t - a +1 scale mail of magic resistance (worn)
Jewellery
 o - a ring of stealth (right hand)
 y - an amulet of the acrobat (around neck)
 A - a ring of wizardry (left hand)
Wands
 n - a wand of acid (5)
 q - a wand of random effects (8)
 B - a wand of polymorph (8)
Scrolls
 e - 6 scrolls of identify {unknown}
 i - 2 scrolls of fear
 l - 5 scrolls of teleportation
 s - 2 scrolls of enchant armour {unknown}
 u - 2 scrolls of amnesia {unknown}
 v - a scroll of magic mapping {unknown}
Potions
 d - 2 potions of might
 g - 3 potions of curing {unknown}
 h - a potion of degeneration {unknown}
 k - 4 potions of mutation {unknown}
 p - a potion of haste {unknown}
 r - 2 potions of agility
 w - a potion of ambrosia {unknown}
 x - a potion of heal wounds {unknown}
 z - a potion of resistance {unknown}
Comestibles
 f - 5 rations


   Skills:
 + Level 5.8 Fighting
 * Level 6.1 Axes
 + Level 5.8 Armour
 + Level 3.5 Dodging
 - Level 3.2 Shields


You had 7 spell levels left.
You didn't know any spells.
Your spell library contained the following spells:

 Spells                   Type           Power        Failure   Level  Hunger
 Magic Dart               Conj           #...         86%         1    ##.....
 Blink                    Tloc           N/A          93%         2    ###....
 Call Imp                 Summ           #.......     93%         2    ###....
 Slow                     Hex            #.......     93%         2    ###....
 Conjure Flame            Conj/Fire      #.......     99%         3    ####...
 Mephitic Cloud           Conj/Pois/Air  #.......     99%         3    ####...


Dungeon Overview and Level Annotations

Branches:
Dungeon (6/15)
 Temple: D:4-7

Altars:
Cheibriados
Gozag


Innate Abilities, Weirdness & Mutations

You are resistant to torment.
Your stone body is resilient. (AC +5)
You are immune to poison.
You resist negative energy. (rN+)
You are resistant to electric shocks. (rElec)
You can survive without breathing.
You are immune to petrification.
You are immune to rotting.


Message History

The orc warrior is lightly wounded.
The orc warrior hits you with a +0 glaive!
The orc warrior hits you but does no damage.
You hit the orc warrior but do no damage.
The orc warrior is lightly wounded.
You barely miss the orc warrior.
The orc warrior is lightly wounded.
The orc warrior hits you with a +0 glaive!
You are too injured to fight recklessly!
You are too injured to fight recklessly!
You hit the orc warrior.
The orc warrior is moderately wounded.
The orc warrior hits you with a +0 glaive!
* * * LOW HITPOINT WARNING * * *
You slash the orc warrior!
The orc warrior is almost dead.
You block the orc warrior's attack.
The crimson imp blinks!
The orc warrior hits you with a +0 glaive!
You die...
Your body crumbles into a pile of gold.

#.... #.#
#.....#.# .
#.....#.. ..
.....#.# .#
#.#...#.# ..
......##.#
#...o§.# # #..@#
#####.#5..##.#.
.......<........
#######...##.###
#........
#.#.#### # #...#
#.... #.####


You could see an orc warrior and a crimson imp.

Vanquished Creatures
  Duvessa (D:5)
  2 ice beasts (D:5)
  A phantom (D:5)
  A centaur (D:5)
  Dowan (D:5)
  5 wights
  A howler monkey (D:5)
  An orc wizard (D:5)
  5 hounds
  A bullfrog skeleton (D:4)
  An iguana (D:4)
  3 worker ants
  10 gnolls
  A howler monkey skeleton (D:5)
  4 adders
  4 dart slugs
  3 leopard geckos
  12 orcs
  2 ball pythons
  4 bats (D:3)
  2 giant cockroaches
  7 goblins
  8 hobgoblins
  10 jackals
  4 kobolds
  2 quokkas (D:3)
  9 frilled lizards
  3 rats
108 creatures vanquished.

Notes
Turn   | Place    | Note
-------+----------+-------------------------------------------
     0 | D:1      | Buxparty the Gargoyle Fighter began the quest for the Orb.
     0 | D:1      | Reached XP level 1. HP: 14/14 MP: 1/1
    58 | D:1      | Reached skill level 2 in Axes
    74 | D:1      | Reached XP level 2. HP: 16/19 MP: 2/2
   708 | D:2      | Reached XP level 3. HP: 15/23 MP: 3/3
  1091 | D:2      | Reached skill level 1 in Dodging
  1337 | D:3      | Reached XP level 4. HP: 29/29 MP: 4/4
  1347 | D:3      | Found an opulent altar of Gozag.
  1355 | D:3      | Became a worshipper of Gozag Ym Sagoz the Greedy
  1706 | D:3      | Reached skill level 3 in Axes
  1752 | D:3      | Reached XP level 5. HP: 30/33 MP: 5/5
  2260 | D:3      | Found a snail-covered altar of Cheibriados.
  2414 | D:3      | Reached XP level 6. HP: 18/38 MP: 6/6
  2614 | D:3      | Reached skill level 4 in Axes
  2925 | D:4      | Reached XP level 7. HP: 42/44 MP: 7/7
  3505 | D:5      | Entered Level 5 of the Dungeon
  3519 | D:5      | Reached skill level 5 in Fighting
  3519 | D:5      | Reached skill level 5 in Armour
  3539 | D:5      | Reached skill level 5 in Axes
  3566 | D:5      | Reached XP level 8. HP: 20/49 MP: 8/8
  4094 | D:6      | Noticed Dowan
  4095 | D:6      | Noticed Duvessa
  4121 | D:5      | Killed Dowan
  4122 | D:5      | Killed Duvessa
  4122 | D:5      | Reached skill level 6 in Axes
  4141 | D:6      | Slain by an orc warrior

Levels and vault maps discovered:
D:1:      erik_arrival_cave_to_civilisation [erik_arrival_cave_to_hall],
          layout_basic
D:2:      layout_loops_cross
D:3:      layout_loops_ring, lemuel_coloured_pillars_altar, old_standard_altar,
          first_ration, st_stairs_13, minmay_fractal_squares_gapless_5
D:4:      layout_basic
D:5:      layout_rooms
D:6:      layout_basic, minmay_temple_entry_arrows, serial_shops,
          nicolae_shop_waterfront, minmay_diced_spiral, uniq_duvessa
